 Dungeon Crawl Stone Soup version 0.32-a0-900-g30fb1b0edc (console) character file.

Game seed: 3723749927799276876

35 petzl the Sneak (level 3, -14/30 HPs)
             Began as a Formicid Delver on Apr 5, 2024.
             Was an Initiate of Vehumet.
             Killed from afar by Erica (20 damage)
             ... with a bolt of poison
             ... on level 8 of the Dungeon.
             The game lasted 00:06:41 (923 turns).

petzl the Sneak (Formicid Delver)                    Turns: 923, Time: 00:06:44

Health: -14/30     AC:  5    Str: 16    XL:     3   Next: 52%
Magic:  5/5        EV: 11    Int: 11    God:    Vehumet [......]
Gold:   73         SH:  0    Dex: 15    Spells: 5/5 levels left

rFire   . . .        a - +0 mace
rCold   . . .        (no shield)
rNeg    . . .        b - +0 leather armour
rPois   .            (helmet unavailable)
rElec   .            j - +1 cloak
rCorr   .            (no gloves)
SInv    +            (no boots)
Will    .....        (no amulet)
Stlth   +++          (no ring)
HPRegen 0.25/turn    (no ring)
MPRegen 0.09/turn

%: no passive effects
@: lethally poisoned (-14 -> -36)
A: permanent stasis, dig shafts and tunnels, antennae 3, four strong arms
a: Dig, Shaft Self, Renounce Religion


You were on level 8 of the Dungeon.
You worshipped Vehumet.
Vehumet was noncommittal.
You visited 2 branches of the dungeon, and saw 6 of its levels.

You collected 73 gold pieces.

Inventory:

Hand Weapons
 a - a +0 mace (weapon)
Armour
 b - a +0 leather armour (worn)
 j - a +1 cloak (worn)
Wands
 f - a wand of digging (3)
 g - a wand of paralysis (6)
Scrolls
 c - a scroll of fog
 d - a scroll of revelation
 e - a scroll of fear
 h - a scroll of enchant weapon {unknown}
 i - a scroll of amnesia {unknown}
 k - a scroll of blinking {unknown}


   Skills:
 + Level 4.0 Fighting
 - Level 2.1 Maces & Flails
 - Level 1.9 Dodging
 - Level 6.1 Stealth
 + Level 1.5 Spellcasting


You had 5 spell levels left.
You didn't know any spells.
Your spell library contained the following spells:

 Spells                   Type           Power      Damage    Failure   Level
 Apportation              Tloc           0%         N/A       36%         1
 Necrotise                Necr           0%         1d4       36%         1
 Sting                    Conj/Alch      0%         1d3       36%         1
 Summon Small Mammal      Summ           0%         N/A       36%         1
 Lesser Beckoning         Tloc           0%         N/A       50%         2
 Teleport Other           Tloc           0%         N/A       75%         3
 Maxwell's Portable Pile  Tloc           Unusable   2d(5-13)  N/A         3

Dungeon Overview and Level Annotations

Branches:
Dungeon (8/15)             Temple (1/1) D:5
   Lair: D:8-11

Altars:
Ashenzari
Cheibriados
Elyvilon
Fedhas
Gozag
Hepliaklqana
Kikubaaqudgha
Makhleb
Nemelex Xobeh
Qazlal
Trog
Uskayaw
Vehumet
Wu Jian
Yredelemnul
Zin
The Shining One

Annotations:
D:4 2 runed translucent doors
D:7 exclusion: 2 downstairs
D:8 exclusion: steam dragon, Erica, Maggie, Maurice


Innate Abilities, Weirdness & Mutations

You cannot be hasted, slowed, berserked, paralysed or teleported.
You can dig through walls and to a lower floor.
You have a pair of large antennae on your head. (SInv)
Your four strong arms can wield two-handed weapons with a shield.


Message History

Your Spellcasting skill increases to level 1!
You have reached level 2!
You have reached level 3!
Your experience leads to an increase in your attributes!
Increase (S)trength, (I)ntelligence, or (D)exterity?
You feel clever. x2
Unknown command.
Unknown command.
Unknown command.
Unknown command.
You start resting.
Magic restored.
You see here a hound corpse.
You open the door.
There is an open door here.
Found 16 gold pieces.
You now have 73 gold pieces (gained 16).
Found a stone staircase leading down.
Found 5 stones.
There is a stone staircase leading down here.
You climb downwards.
Level annotation: exclusion: steam dragon, Erica, Maggie, Maurice
There is a stone staircase leading up here.
The centaur shouts!
Erica casts a spell at you.
Your stasis prevents you from being slowed.
There is a stone staircase leading up here.
Unknown command.
The centaur wields a +0 shortbow.
The centaur shoots an arrow.
The arrow hits you.
The centaur shoots an arrow.
The arrow hits you! Erica casts a spell at you.
Your stasis prevents you from being slowed.
The centaur shoots an arrow.
The arrow hits you!
* * * LOW HITPOINT WARNING * * *
Erica casts a spell at you. The bolt of poison hits you!!
You are lethally poisoned!
Ouch! That really hurt!
You die...
Erica begins burbling mirthfully and uncontrollably.

....... #...D!# #
############# {
#...$.##...#..#..#c....##
#..............@^.x.....#
.$#...........#.....#....>#
$.#...........#.....#.....#
{o#...# #...########.....#
W{#...####...##....##.!..##
WR#....#.....#.....##.....#
cD#....#.....'.......x....#
###....'.....#.......<...##
.......#.....##...x##.....#
..#...###....##....##....##
###..[###....##....##....#
.......#...........#......#
.......#...........#......#
.......#...........#......#
.##....##+######...##.##.##
.########....###...
...................
.................x.


You could see Erica and a centaur.

Vanquished Creatures
  A hound (D:7)
  An orc (D:8)
  An endoplasm (D:4)
  2 kobolds (D:4)
5 creatures vanquished.

Notes
Turn   | Place    | Note
-------+----------+-------------------------------------------
     0 | D:5      | petzl the Formicid Delver began the quest for the Orb.
     0 | D:5      | Reached XP level 1. HP: 18/18 MP: 1/1
     5 | D:5      | Found a sparkling altar of Nemelex Xobeh.
    95 | D:4      | Found a large runed translucent door.
    95 | D:4      | Found a large runed translucent door.
    98 | D:4      | Noticed a bombardier beetle
   136 | D:4      | Noticed an orc wizard
   153 | D:4      | Noticed an orc warrior
   298 | D:4      | You fall into a shaft and drop 1 floor!
   379 | D:6      | Noticed a sleepcap
   414 | D:4      | Noticed a phantom
   432 | D:4      | You fall into a shaft and drop 1 floor!
   477 | D:5      | Found a staircase to the Ecumenical Temple.
   477 | D:5      | Noticed a scorpion
   495 | Temple   | Entered the Ecumenical Temple
   507 | Temple   | Became a worshipper of Vehumet
   541 | D:5      | Noticed a phantom
   552 | D:5      | Noticed an ogre
   566 | D:5      | You fall into a shaft and drop 3 floors!
   586 | D:8      | Noticed a gnoll sergeant
   586 | D:8      | Noticed a hornet
   613 | D:8      | Noticed Erica
   620 | D:8      | Noticed a howler monkey
   650 | D:8      | Noticed a centaur warrior
   651 | D:8      | Noticed a shadow
   652 | D:8      | Noticed a rakshasa
   653 | D:8      | Noticed a steam dragon
   655 | D:8      | Noticed a steam dragon
   662 | D:8      | Noticed a vampire mosquito
   663 | D:8      | Noticed an orc wizard
   663 | D:8      | Noticed a slime creature
   663 | D:8      | Noticed a vampire mosquito
   664 | D:8      | Noticed a shadow
   664 | D:8      | Noticed a four-headed hydra
   671 | D:8      | Noticed Maggie
   678 | D:8      | Noticed a basilisk
   697 | D:8      | Noticed a centaur
   721 | D:8      | Noticed a hound
   721 | D:8      | Noticed Maurice
   721 | D:8      | Noticed a hound
   721 | D:8      | Noticed a hound
   722 | D:8      | Noticed a hound
   722 | D:8      | Noticed a hound
   722 | D:8      | Noticed a hound
   764 | D:7      | Noticed a bullfrog
   780 | D:7      | Noticed a hound
   790 | D:7      | Killed a hound
   791 | D:7      | Reached skill level 1 in Spellcasting
   791 | D:7      | Reached XP level 2. HP: 25/25 MP: 1/4
   791 | D:7      | Reached XP level 3. HP: 30/30 MP: 1/5
   923 | D:8      | Killed from afar by Erica

Illustrated notes

Levels and vault maps discovered:
D:4:      due_chaos_kobolds, layout_basic
D:5:      layout_loops_cross, kennysheep_little_box, minmay_temple_entry_hall,
          lightli_sewer_entry_pipes, uniq_crazy_yiuf_cottage, uniq_menkaure
D:6:      layout_cave_pools, nicolae_take_the_stairs, uniq_grinder,
          uniq_jeremiah
D:7:      nicolae_whirlpool, layout_loops_corners, led_xom_imps,
          dk_noncrumbling_4, chequers_serial_rivers_micro_c
D:8:      layout_gridville, erik_lair_island, minivault_12, uniq_maggie,
          uniq_psyche, uniq_maurice, uniq_erica
Temple:   nicolae_temple_superstar

Skill      XL: |  1 |
---------------+----+-----
Fighting       | 4 |  4.0
Spellcasting   | 1 |  1.5
Maces & Flails | |  2.1
Dodging        | |  1.9
Stealth        | |  6.1

Action                     || total
---------------------------++-------
  Melee: Mace              ||    26
Ability: Shaft Self        ||     3
  Evoke: Wand              ||     2
   Stab: Paralysed         ||     4
 Armour: Leather armour    ||    19
  Dodge: Dodged            ||    18

Table legend: (Time is in decaauts)
 A = Elapsed time spent in this place.
 B = Non-inter-level travel time spent in this place.
 C = Inter-level travel time spent in this place.
 D = Time resting spent in this place.
 E = Time spent auto-exploring this place.
 F = Levels seen in this place.
 G = Mean time per level.
                   A        B        C        D        E       F      G
               +--------+--------+--------+--------+--------+-----+--------+
         Total |    929 |    907 |     22 |    178 |     33 |   6 |  154.8 |
       Dungeon |    904 |    904 |      0 |    178 |     33 |   5 |  180.8 |
        Temple |     24 |      2 |     22 |      0 |      0 |   1 |   24.0 |
               +--------+--------+--------+--------+--------+-----+--------+

Top non-repeatable levels by time:
     D:4: 273 daAuts
     D:5: 257 daAuts
     D:7: 208 daAuts
     D:8: 151 daAuts
  Temple: 24 daAuts
     D:6: 13 daAuts
